 Dungeon Crawl Stone Soup version 0.19-a0-503-g45a6586 (webtiles) character file.

124558 Ijustatesigmund the Spry (level 16, -12/85 HPs)
             Began as a Spriggan Assassin on June 3, 2016.
             Was the Champion of Hepliaklqana.
             Mangled by a jiangshi (19 damage)
             ... on level 2 of the Depths on June 5, 2016.
             The game lasted 02:59:51 (40574 turns).

Ijustatesigmund the Spry (Spriggan Assassin)       Turns: 40574, Time: 02:59:52

Health: -12/85     AC: 10    Str: 12    XL:     16   Next: 39%
Magic:  31/31      EV: 39    Int: 18    God:    Hepliaklqana [******]
Gold:   1498       SH:  0    Dex: 26    Spells: 10 memorised, 15 levels left

rFire  . . .     SeeInvis +     D - +10 quick blade
rCold  . . .     Gourm    .     t - +2 robe {rN+}
rNeg   + . .     Faith    .     p - +3 buckler
rPois  .         Spirit   .     l - +2 hat {Int+3}
rElec  .         Dismiss  .     Z - +2 cloak {+Inv}
rCorr  .         Reflect  +     (gloves unavailable)
SustAt .         Harm     .     (boots unavailable)
MR     ++...                    P - +5 amulet of reflection
Stlth  +++++.....               K - ring of wizardry
                                f - ring of stealth

@: confused, mighty, about to teleport, very slightly contaminated, hasted, very
quick, very resistant to hostile enchantments, quite stealthy
A: unfitting armour, thin skeletal structure 1, see invisible, clever 1,
herbivore 3, speed 3, shaggy fur 1, slow metabolism 2, wild magic 1, evolution 1
a: Recall Ancestor, Ancestor Identity, Transference, Idealise, Renounce
Religion, Evoke Invisibility


You were on level 2 of the Depths.
You worshipped Hepliaklqana.
Hepliaklqana was exalted by your worship.
You were full.

You visited 8 branches of the dungeon, and saw 32 of its levels.
You also visited: Labyrinth and Ice Cave.

You collected 3098 gold pieces.
You spent 1600 gold pieces at shops.

Inventory:

Hand Weapons
 D - a +10 quick blade (weapon)
 J - the +7 dagger of the Unspeakable One {pierce, rF++}
   (You found it on level 8 of the Lair of Beasts)

   It inflicts extra damage upon your enemies.
   It greatly protects you from fire.
 T - a +8 blowgun
Missiles
 e - 49 tomahawks (quivered)
 B - 84 poisoned needles
Armour
 l - a +2 hat of intelligence (worn)
 o - a +3 fire dragon armour
 p - a +3 buckler (worn)
 t - a +2 robe of positive energy (worn)
 Z - a +2 cloak of invisibility (worn)
Jewellery
 a - an uncursed ring of ice
 b - an uncursed ring of positive energy
 f - a ring of stealth (left hand)
 k - an uncursed ring of fire
 m - an uncursed ring of magical power
 I - an uncursed ring of protection from magic
 K - a ring of wizardry (right hand)
 P - a +5 amulet of reflection (around neck)
Wands
 c - a wand of iceblast (9/15)
 d - a wand of lightning (10/15)
 j - a wand of lightning (9/15)
 r - a wand of random effects (27/48)
 u - a wand of paralysis (15/24)
 A - a wand of polymorph (3/24)
 E - a wand of digging (10/24)
 X - a wand of polymorph (12/24)
 Y - a wand of teleportation (7/9)
Scrolls
 h - 2 scrolls of teleportation
 s - 2 scrolls of magic mapping
 w - 2 scrolls of fear
 x - 5 scrolls of identify
 y - 4 scrolls of recharging
 C - 13 scrolls of remove curse
 G - 2 scrolls of amnesia
 L - 2 scrolls of summoning
 M - a scroll of silence
 O - 2 scrolls of fog
Potions
 i - 4 potions of haste
 n - a potion of might
 q - 2 potions of brilliance
 v - a potion of cure mutation
 z - a potion of curing
 H - 2 potions of ambrosia
 Q - 2 potions of flight
 R - 4 potions of cancellation
 U - a potion of invisibility
 V - 3 potions of resistance
Comestibles
 g - 7 bread rations


   Skills:
 + Level 9.8 Fighting
 - Level 10.6 Short Blades
 + Level 6.2 Throwing
 - Level 5.1 Armour
 - Level 20.9 Dodging
 - Level 18.3 Stealth
 - Level 3.0 Shields
 - Level 10.5 Spellcasting
 - Level 3.0 Conjurations
 - Level 4.0 Hexes
 - Level 5.0 Translocations
 - Level 9.3 Invocations
 - Level 10.2 Evocations


You had 15 spell levels left.
You knew the following spells:

 Your Spells              Type           Power        Failure   Level  Hunger
a - Magic Dart            Conj           ####         1%          1    None
b - Apportation           Tloc           #####.....   1%          1    None
c - Dazzling Spray        Conj/Hex       ####..       6%          3    None
d - Corona                Hex            ####...      1%          1    None
e - Confusing Touch       Hex            ####..       1%          2    None
f - Ensorcelled Hibernat  Hex/Ice        ###...       6%          2    None
g - Passage of Golubria   Tloc           N/A          9%          4    ###....
h - Passwall              Tmut/Erth      ##........   10%         2    None
i - Swiftness             Chrm/Air       ##......     10%         2    None
j - Portal Projectile     Tloc           #####.       3%          3    None


Dungeon Overview and Level Annotations

Branches:
Dungeon (15/15)            Temple (1/1) D:4            Lair (8/8) D:10
  Swamp (2/4) Lair:5       Spider (1/4) Lair:5        Slime (0/6) Lair:8
    Orc (2/2) D:12            Elf (1/3) Orc:2        Vaults (0/5) D:14
 Depths (2/5) D:15

Altars:
Ashenzari
Cheibriados
Dithmenos
Elyvilon
Fedhas
Gozag
Hepliaklqana
Kikubaaqudgha
Makhleb
Nemelex Xobeh
Okawaru
Pakellas
Qazlal
Ru
Sif Muna
Trog
Uskayaw
Vehumet
Xom
Yredelemnul
Zin
The Shining One
Beogh
Jiyva

Shops:
D:9 =   D:10 [   Orc:2 [(*:   Elf:1 %

Annotations:
D:11 Josephine


Innate Abilities, Weirdness & Mutations

You are tiny and cannot use many weapons and most armour.
You have supernaturally acute eyesight. (SInv)
You are a herbivore.
You cover ground extremely quickly.
You need consume almost no food.
You have a somewhat thin skeletal structure. (Dex +2, Stealth)
Your mind is acute. (Int +2)
You are covered in fur. (AC +1)
Your spells are a little harder to cast, but a little more powerful.
You evolve.


Message History

You bump into the tree.
The jiangshi completely misses you.
The jiangshi claws you but does no damage.
The phantasmal warrior misses you.
The spectral wolf completely misses you.
You bump into the stone wall.
The jiangshi misses you. The jiangshi completely misses you.
The spectral wolf barely misses you. The phantasmal warrior misses you.
The jiangshi claws you but does no damage.
The jiangshi completely misses you.
You hit the jiangshi.
The jiangshi is lightly damaged.
The spectral wolf barely misses you.
You puncture the spectral wolf!
The spectral wolf is moderately damaged.
You puncture the jiangshi!
The jiangshi is moderately damaged.
The jiangshi claws you.
* * * LOW HITPOINT WARNING * * *
The jiangshi claws you!!
You die...

#......
.......
.......
....$..
.....
...
##(##
#♣V..♣#
#@Z...#
#♣W..♣#
#.....#
###_###
##


You could see a jiangshi, a phantasmal warrior and a spectral wolf.

Vanquished Creatures
  Frances (D:13)
  A thorn hunter (Swamp:2)
  Agnes (Spider:1)
  Roxanne (D:14)
  2 frost giants (Depths:2)
  An orc warlord (Orc:2)
  2 stone giants
  Nessos (D:12)
  Snorg (Lair:8)
  3 vault guards (D:14)
  A minotaur (Lab)
  3 ettins
  A jiangshi (Depths:2)
  Erolcha (D:9)
  Fannar (Lair:3)
  An entropy weaver (Spider:1)
  Harold (Lair:1)
  A rakshasa (Depths:1)
  4 hydras
  2 centaur warriors (D:13)
  2 catoblepae
  Erica (D:10)
  4 alligators
  9 death yaks
  Urug (Lair:2)
  2 deep troll shamans
  Nergalle (Orc:2)
  2 orc high priests (Orc:2)
  Sonja (D:10)
  2 unseen horrors
  4 skeletal warriors (D:15)
  2 deep trolls
  4 hill giants
  2 deep elf archers
  A lindwurm (Lair:8)
  4 orc knights (Orc:2)
  A wizard (D:14)
  2 orc sorcerers (Orc:2)
  9 deep elf magi
  5 orb spiders
  3 wolf spiders (Spider:1)
  4 cyclopes
  6 ugly things
  A manticore (D:13)
  A hornet (Swamp:1)
  2 griffons
  8 elephants
  Maurice (D:8)
  A centaur zombie (D:13)
  The ghost of Kidiri the Magician, a novice DEFE of Vehumet (D:6)
  3 black mambas
  Psyche (D:10)
  A torpor snail (Lair:7)
  18 spiny frogs
  3 centaur skeletons
  11 komodo dragons
  A freezing wraith (IceCv)
  A rime drake (Lair:6)
  2 ice devils (D:11)
  2 tengu conjurers (D:15)
  2 demonic crawlers (Spider:1)
  10 trolls
  5 polar bears
  Grinder (D:6)
  4 jumping spiders (Spider:1)
  A harpy skeleton (D:14)
  14 blink frogs
  A slime creature (Swamp:2)
  2 giant leeches (Swamp:2)
  4 bog bodies
  Sigmund (D:2)
  2 tarantellas (Spider:1)
  8 redbacks (Spider:1)
  An air elemental (Elf:1)
  A water elemental (Elf:1)
  2 shadows
  2 wyverns
  2 basilisks
  31 yaks
  A death yak simulacrum (IceCv)
  7 vampire mosquitoes (Swamp:1)
  9 hippogriffs
  9 swamp worms
  2 wargs
  A mottled dragon (D:15)
  3 insubstantial wisps (Swamp:1)
  Duvessa (D:6)
  16 water moccasins
  A swamp drake (Swamp:1)
  10 porcupines
  4 ice beasts
  21 orc warriors
  2 sky beasts
  A black bear (Lair:8)
  An ogre (shapeshifter) (D:14)
  6 ogres
  4 wasps
  18 wolves
  8 centaurs
  15 crocodiles
  24 giant frogs
  A wyvern skeleton (D:6)
  2 scorpions
  14 killer bees
  An elephant simulacrum (IceCv)
  2 howler monkeys (D:11)
  4 electric eels
  2 crimson imps
  2 hounds
  Crazy Yiuf (D:2)
  4 jellies
  18 orc wizards
  4 giant frog skeletons
  4 iguanas
  7 orc priests
  Natasha (twice) (D:3 D:2)
  2 hell rats (Lair:3)
  A polar bear simulacrum (IceCv)
  4 worker ants
  11 sheep
  A wolf simulacrum (IceCv)
  A killer bee zombie (D:9)
  2 hound skeletons
  A howler monkey zombie (D:7)
  2 worker ant zombies (D:11)
  5 gnolls
  8 adders
  43 river rats
  2 shadow imps
  2 white imps (IceCv)
  2 adder skeletons
  3 worms
  11 giant geckos
  59 orcs
  A ball python (D:1)
  6 giant cockroaches
  13 goblins
  4 hobgoblins
  8 jackals
  4 quokkas
  7 bats
  8 giant newts
  3 kobolds
  15 rats
715 creatures vanquished.

Vanquished Creatures (collateral kills)
  4 vault guards (D:14)
  An ogre mage (D:15)
  A skeletal warrior (D:15)
  A spriggan druid (Swamp:2)
  A phantasmal warrior (Depths:2)
  A hill giant (D:10)
  2 deep elf magi (Elf:1)
  2 wolf spiders (Spider:1)
  A cyclops (D:14)
  An elephant (Lair:4)
  A spiny frog (Swamp:1)
  A komodo dragon (Lair:1)
  A queen bee (D:14)
  2 jumping spiders (Spider:1)
  2 trolls
  A giant leech (Depths:2)
  2 slime creatures (Swamp:2)
  2 blink frogs
  A raiju (Depths:2)
  2 wyverns
  A spriggan (Swamp:2)
  13 yaks
  4 hippogriffs
  Menkaure (D:6)
  3 swamp worms
  3 swamp drakes (Swamp:2)
  3 sky beasts
  4 orc warriors
  2 black bears
  5 ice beasts
  An eye of draining (D:10)
  3 ogres
  A boggart (D:7)
  A necrophage (D:9)
  2 crocodiles
  5 centaurs
  A big kobold (D:10)
  A giant frog (D:3)
  Dowan (D:6)
  A water moccasin zombie (D:8)
  4 scorpions
  A spectral wolf (Depths:2)
  19 killer bees
  9 wights
  4 howler monkeys
  4 crimson imps
  A centaur zombie (D:6)
  A jelly (D:5)
  3 orc priests
  2 hounds
  A centaur skeleton (D:4)
  8 orc wizards
  An iguana (D:10)
  6 hell rats (Lair:3)
  3 worker ants
  3 sheep (Lair:1)
  A hound zombie (D:6)
  Robin (D:3)
  5 gnolls (D:5)
  6 adders
  8 river rats
  3 white imps (IceCv)
  An adder skeleton (D:6)
  A worm (D:3)
  A giant gecko (D:6)
  24 orcs
  A giant cockroach (D:8)
  8 goblins (D:3)
  2 hobgoblins (D:3)
  2 jackals (D:10)
  A quokka (D:7)
  A giant newt (D:5)
  3 kobolds (D:10)
  A quokka skeleton (D:5)
  5 rats (Lair:3)
231 creatures vanquished.

Vanquished Creatures (others)
  A deep elf archer (Elf:1)
  A spriggan (Swamp:2)
  A boggart (Depths:2)
  An orc wizard (D:12)
  A worker ant (D:8)
  21 knights
  4 ancestors
  3 orcs
  A hobgoblin (D:1)
  A kobold (D:1)
  3 fungi
  2 plants (Lair:8)
40 creatures vanquished.

Grand Total: 986 creatures vanquished

Notes
Turn   | Place    | Note
--------------------------------------------------------------
     0 | D:1      | Ijustatesigmund the Spriggan Assassin began the quest for the Orb.
     0 | D:1      | Reached XP level 1. HP: 10/10 MP: 2/2
   165 | D:1      | Reached skill level 2 in Dodging
   208 | D:1      | Reached XP level 2. HP: 15/15 MP: 3/3
  1262 | D:2      | Reached XP level 3. HP: 18/18 MP: 4/4
  1292 | D:2      | You fall through a shaft!
  1341 | D:4      | Noticed an ogre
  1346 | D:4      | Killed an ogre
  1346 | D:4      | Reached skill level 3 in Dodging
  1346 | D:4      | Reached XP level 4. HP: 23/23 MP: 5/5
  1351 | D:4      | Found a staircase to the Ecumenical Temple.
  1367 | Temple   | Entered the Ecumenical Temple
  1478 | D:4      | Reached XP level 5. HP: 12/26 MP: 6/6
  1892 | D:5      | Entered Level 5 of the Dungeon
  1904 | D:4      | Learned a level 1 spell: Magic Dart
  1969 | D:4      | Noticed an ogre
  2045 | D:4      | Killed an ogre
  2045 | D:4      | Reached skill level 4 in Dodging
  2045 | D:4      | Reached XP level 6. HP: 13/30 MP: 7/7
  2349 | D:3      | Noticed Robin
  2357 | D:3      | Noticed Natasha
  2360 | D:3      | Killed Natasha
  2678 | D:2      | Noticed Sigmund
  2700 | D:2      | Killed Sigmund
  2700 | D:2      | Reached skill level 5 in Dodging
  2998 | D:2      | Noticed Crazy Yiuf
  3002 | D:2      | Killed Crazy Yiuf
  3002 | D:2      | Reached XP level 7. HP: 35/35 MP: 8/8
  3195 | D:3      | Noticed Natasha
  3226 | D:2      | Killed Natasha
  3911 | D:5      | Found a hazy altar of Hepliaklqana.
  3914 | D:5      | Found a blossoming altar of Fedhas.
  3921 | D:5      | Became a worshipper of Hepliaklqana
  4085 | D:5      | Found an iron altar of Okawaru.
  4590 | D:4      | Reached skill level 6 in Dodging
  5360 | D:3      | Killed Robin
  6144 | D:5      | Reached * piety under Hepliaklqana
  6608 | D:6      | Noticed Duvessa
  6608 | D:6      | Noticed Dowan
  6613 | D:6      | Killed Duvessa
  6613 | D:6      | Reached XP level 8. HP: 42/42 MP: 9/9
  6626 | D:6      | Killed Dowan
  6672 | D:6      | Noticed Kidiri's ghost (novice DEFE)
  6813 | D:7      | Identified the Tome of the Lethal Snowflakes
  6925 | D:7      | Reached skill level 7 in Dodging
  6936 | D:7      | Reached skill level 5 in Short Blades
  6938 | D:7      | Reached skill level 10 in Stealth
  7708 | D:6      | Noticed Grinder
  7975 | D:6      | Reached skill level 8 in Dodging
  8019 | D:6      | Killed Grinder
  8036 | D:6      | Found a radiant altar of Vehumet.
  8036 | D:6      | Noticed Menkaure
  8278 | D:6      | Killed Kidiri's ghost
  8278 | D:6      | Reached skill level 9 in Dodging
  8278 | D:6      | Reached XP level 9. HP: 29/45 MP: 13/13
  8908 | D:6      | Found a deep blue altar of Sif Muna.
  9106 | D:6      | Killed Menkaure
  9506 | D:7      | Reached ** piety under Hepliaklqana
  9508 | D:7      | Remembered your ancestor Zitor as a knight
 10049 | D:8      | Reached skill level 10 in Dodging
 10241 | D:8      | Noticed Maurice
 10293 | D:8      | Killed Maurice
 10293 | D:8      | Reached skill level 5 in Spellcasting
 10447 | D:8      | Reached skill level 11 in Dodging
 10619 | D:8      | Reached skill level 1 in Conjurations
 10630 | D:8      | Learned a level 1 spell: Apportation
 11015 | D:8      | Reached skill level 1 in Translocations
 11015 | D:8      | Reached skill level 1 in Invocations
 11333 | D:9      | Found Kytzuguy's Jewellery Boutique.
 11393 | D:9      | Reached *** piety under Hepliaklqana
 11476 | D:9      | Reached XP level 10. HP: 49/49 MP: 19/19
 11583 | D:9      | Noticed Erolcha
 11623 | D:9      | Killed Erolcha
 11696 | D:9      | Reached skill level 5 in Translocations
 12138 | D:9      | Found a shattered altar of Ashenzari.
 12261 | D:10     | Entered Level 10 of the Dungeon
 12290 | D:10     | Found Jity's Antique Armour Shoppe.
 12475 | D:10     | Noticed an unseen horror
 12492 | D:10     | Noticed a hill giant
 12494 | D:10     | Noticed Psyche
 12706 | D:11     | Found a frozen archway.
 12712 | D:11     | Reached skill level 5 in Invocations
 12718 | IceCv    | Entered an ice cave
 13080 | IceCv    | Reached skill level 5 in Fighting
 13434 | D:11     | Noticed a hill giant
 13442 | D:11     | Killed a hill giant
 13442 | D:11     | Reached XP level 11. HP: 49/56 MP: 20/20
 13444 | D:11     | Identified a scroll of acquirement
 13460 | D:11     | Noticed Josephine
 13460 | D:11     | Noticed a skeletal warrior
 13460 | D:11     | Noticed a skeletal warrior
 13460 | D:11     | Noticed a skeletal warrior
 13575 | D:10     | Found a staircase to the Lair.
 13715 | D:10     | Killed an unseen horror
 13736 | D:10     | Killed a hill giant
 13790 | D:10     | Killed Psyche
 14007 | D:10     | Upgraded the game from 0.19-a0-465-g1d1674b to 0.19-a0-475-gfca3800
 14769 | D:10     | Noticed Sonja
 14776 | D:10     | Killed Sonja
 14849 | D:10     | Noticed Erica
 14871 | D:10     | Killed Erica
 15113 | D:12     | Reached **** piety under Hepliaklqana
 15422 | D:12     | Noticed Nessos
 15427 | D:12     | Killed Nessos
 15545 | D:12     | Reached skill level 10 in Short Blades
 15886 | D:12     | Noticed a deep elf mage
 15971 | D:12     | Killed a deep elf mage
 16476 | D:12     | Found a staircase to the Orcish Mines.
 16934 | D:13     | Reached XP level 12. HP: 63/63 MP: 21/21
 17029 | D:13     | Noticed a centaur warrior
 17137 | D:13     | Noticed Frances
 17246 | D:13     | Killed Frances
 17246 | D:13     | Reached skill level 12 in Dodging
 17537 | D:13     | Noticed a centaur warrior
 17539 | D:13     | Killed a centaur warrior
 17539 | D:13     | Reached skill level 13 in Dodging
 17610 | D:13     | You fall through a shaft!
 17611 | D:14     | Noticed Roxanne
 17643 | D:13     | Killed a centaur warrior
 17800 | D:13     | Reached skill level 14 in Dodging
 17872 | D:13     | Gained mutation: Your spells are a little harder to cast, but a little more powerful. [potion of mutation]
 17872 | D:13     | Gained mutation: You are covered in fur. (AC +1) [potion of mutation]
 17872 | D:13     | Gained mutation: You have a somewhat thin skeletal structure. (Dex +2, Stealth) [potion of mutation]
 19241 | Lair:1   | Entered Level 1 of the Lair of Beasts
 19466 | Lair:1   | Noticed Harold
 19473 | Lair:1   | Killed Harold
 20488 | Lair:2   | Noticed Urug
 21227 | Lair:2   | Killed Urug
 21659 | Lair:2   | Learned a level 3 spell: Dazzling Spray
 21848 | Lair:3   | Reached skill level 1 in Hexes
 21930 | Lair:3   | Learned a level 1 spell: Corona
 21981 | Lair:3   | Reached XP level 13. HP: 67/67 MP: 22/22
 22666 | Lair:3   | Reached ***** piety under Hepliaklqana
 23021 | Lair:3   | Noticed Fannar
 23025 | Lair:3   | Killed Fannar
 23144 | Lair:4   | Reached skill level 1 in Evocations
 23676 | Lair:4   | Reached skill level 5 in Evocations
 24732 | Lair:5   | Found a hole to the Spider Nest.
 24893 | Lair:5   | Reached skill level 10 in Evocations
 25319 | Lair:5   | Gained mutation: Your mind is acute. (Int +2) [potion of beneficial mutation]
 25412 | Lair:1   | Learned a level 2 spell: Confusing Touch
 25525 | Orc:1    | Entered Level 1 of the Orcish Mines
 25953 | Orc:2    | Entered Level 2 of the Orcish Mines
 26258 | Orc:2    | Noticed Nergalle
 26547 | Orc:2    | Found a roughly hewn altar of Beogh.
 26610 | Orc:2    | Killed Nergalle
 26655 | Orc:2    | Noticed an orc warlord
 26660 | Orc:2    | Found Ureodiac's Antique Weapon Shoppe.
 26664 | Orc:2    | Reached XP level 14. HP: 72/72 MP: 26/28
 26668 | Orc:2    | Killed an orc warlord
 26668 | Orc:2    | Reached skill level 10 in Spellcasting
 26685 | Orc:2    | Found Pafina's Book Shoppe.
 26888 | Orc:2    | Found Ymyod's Antique Armour Shoppe.
 27123 | Orc:2    | Bought a manual of Dodging for 1545 gold pieces
 27166 | Orc:2    | Found Ytiziy's General Store.
 27175 | Orc:2    | Bought a potion of heal wounds for 55 gold pieces
 27415 | Orc:2    | Noticed a stone giant
 27434 | Orc:2    | Killed a stone giant
 27440 | Orc:2    | Found a staircase to the Elven Halls.
 27730 | Lair:5   | Identified Mioj's Catalogue of Captivating Weightlessness (You found it on level 5 of the Lair of Beasts)
 27787 | Lair:5   | Learned a level 2 spell: Ensorcelled Hibernation
 27945 | Lair:5   | Reached ****** piety under Hepliaklqana
 28061 | Lair:5   | Found a staircase to the Swamp.
 28139 | Lair:5   | Reached skill level 15 in Dodging
 28186 | Lair:6   | Found a labyrinth entrance.
 28204 | Lab      | Entered a labyrinth
 28962 | Lab      | Reached skill level 1 in Shields
 28982 | Lab      | Learned a level 4 spell: Passage of Golubria
 28985 | Lab      | Learned a level 2 spell: Passwall
 28988 | Lab      | Learned a level 2 spell: Swiftness
 29413 | Lair:6   | Reached skill level 16 in Dodging
 30505 | Lair:7   | Reached skill level 17 in Dodging
 30518 | Lair:7   | Gained mutation: You evolve. [potion of beneficial mutation]
 30707 | Lair:7   | Reached skill level 18 in Dodging
 31021 | Lair:8   | Entered Level 8 of the Lair of Beasts
 31032 | Lair:8   | Found a viscous altar of Jiyva.
 31032 | Lair:8   | Found a staircase to the Slime Pits.
 31045 | Lair:8   | Reached skill level 19 in Dodging
 31137 | Lair:8   | Got a crude dagger
 31138 | Lair:8   | Identified the +7 dagger of the Unspeakable One {pierce, rF++} (You found it on level 8 of the Lair of Beasts)
 31261 | Lair:8   | Noticed Snorg
 31269 | Lair:8   | Killed Snorg
 31345 | Lair:8   | Reached skill level 20 in Dodging
 32478 | D:14     | Found a gate to the Vaults.
 32540 | D:14     | Reached XP level 15. HP: 60/77 MP: 15/30
 32541 | D:14     | Remembered your ancestor Zitor wielding a broad axe
 33146 | D:15     | Entered Level 15 of the Dungeon
 33158 | D:15     | Found a staircase to the Depths.
 33369 | D:15     | Upgraded the game from 0.19-a0-475-gfca3800 to 0.19-a0-503-g45a6586
 33459 | D:15     | Reached skill level 15 in Stealth
 34034 | D:15     | Identified the Catalogue of the Traveller (You found it on level 15 of the Dungeon)
 34039 | D:15     | Learned a level 3 spell: Portal Projectile
 34516 | Swamp:1  | Entered Level 1 of the Swamp
 35443 | Swamp:2  | Noticed a thorn hunter
 35520 | Swamp:2  | Killed a thorn hunter
 35995 | Swamp:2  | Reached skill level 1 in Armour
 36831 | Spider:1 | Entered Level 1 of the Spider Nest
 37134 | Spider:1 | Noticed Agnes
 37162 | Spider:1 | Killed Agnes
 38213 | Spider:1 | Reached XP level 16. HP: 84/84 MP: 31/31
 38467 | Elf:1    | Entered Level 1 of the Elven Halls
 38491 | Elf:1    | Reached skill level 5 in Armour
 38493 | Elf:1    | Found a radiant altar of Vehumet.
 39053 | Elf:1    | Found Hanomi's Food Shoppe.
 39505 | D:14     | Killed Roxanne
 39944 | Depths:1 | Entered Level 1 of the Depths
 39957 | Depths:1 | Reached skill level 5 in Throwing
 40462 | Depths:2 | Found a glowing golden altar of the Shining One.
 40569 | Depths:2 | HP: 3/85 [jiangshi (18)]
 40574 | Depths:2 | Mangled by a jiangshi

Vault maps used:
D:1:      scummos_arrival_forest, lemuel_flame_loot_1
D:2:      grunt_ministairs_2, minmay_misc_feat_room, uniq_crazy_yiuf_cottage,
          uniq_sigmund
D:3:      kennysheep_the_goblin_king, uniq_robin, uniq_natasha
D:4:      minmay_temple_entry_statues_pillars
D:5:      grunt_temple_overflow_open, basic_altar, first_bread
D:6:      vehumet_crystals, led_sif_pool, uniq_duvessa, uniq_grinder,
          uniq_menkaure
D:8:      uniq_maurice
D:9:      evilmike_ruin_ashenzari, serial_shops, shop, uniq_erolcha
D:10:     lair_0_dummy, serial_shops, nicolae_shop_overgrown_old_shop,
          minmay_stone_trees_medium, uniq_psyche, uniq_erica, uniq_sonja
D:11:     portal_ice_cave_demonic_guard, uniq_josephine
D:12:     david_orc_4, uniq_nessos
D:13:     uniq_frances
D:14:     erik_vaults_2, hangedman_decor_push, david_nohive_1, uniq_roxanne
D:15:     hangedman_depths_entry_civil_slaughter, serial_bayou_pond_e
Temple:   grunt_circular_temple_18
Lair:1:   uniq_harold
Lair:2:   serial_bayou_shore_a, uniq_urug
Lair:3:   lemuel_ratsnest, serial_bayou_lagoon_b, grunt_megastairs_3,
          infiniplex_staircase_pool_2, uniq_fannar
Lair:4:   beast_lair_carwin_1, grunt_megastairs_2
Lair:5:   nicolae_swamp_entry_splash_gauntlet,
          nicolae_spider_entry_orb_guardian, beast_lair_carwin_11,
          grunt_megastairs_5
Lair:6:   lab_entry_generic
Lair:7:   serial_bayou_shore_b
Lair:8:   grunt_lair_end_beastmaster, slime_altar_1, uniq_snorg
Swamp:1:  evilmike_swamp_ruin_rubble_1
Swamp:2:  cheibrodos_swamp_mausoleum, evilmike_swamp_ruin_rubble_2, swamp_pool3
Spider:1: uniq_agnes
Orc:2:    grunt_orc_cross
Elf:1:    eino_elf_arrival_altar, serial_shops, nicolae_shop_crystal,
          kennysheep_underground_church, st_stairs_5
Depths:1: lightli_too_deep, minmay_misc_feat_roman, kennysheep_potato
Depths:2: lemuel_vampire_tower, enter_ziggurat_f, hell_entry, tso_altar,
          library_closet, hangedman_stitches_earthworm, minmay_staircase_bubble
Lab:      labyrinth_green
IceCv:    ice_cave_small_necro

Skill      XL: |  1  2  3  4  5  6  7  8  9 10 11 12 13 14 15 16 |
---------------+-------------------------------------------------+-----
Stealth        | 6 7 8 9 11 14 18 | 18.3
Dodging        | 2 3 4 5 6 9 11 14 20 | 20.9
Fighting       | 2 4 5 7 9 |  9.8
Short Blades   | 3 4 6 7 8 10 | 10.6
Throwing       | 3 4 6 |  6.2
Spellcasting   | 2 5 9 10 | 10.5
Conjurations   | 1 3 |  3.0
Translocations | 2 5 |  5.0
Invocations    | 1 6 8 9 |  9.3
Hexes          | 2 4 |  4.0
Evocations     | 10 | 10.2
Shields        | 3 |  3.0
Armour         | 4 5 |  5.1

Action                   |  1- 3 |  4- 6 |  7- 9 | 10-12 | 13-15 | 16-18 || total
-------------------------+-------+-------+-------+-------+-------+-------++-------
Melee: Dagger            |    80 |   107 |   527 |  1166 |    93 |       ||  1973
       Short sword       |       |       |   250 |       |       |       ||   250
       Quick blade       |       |       |       |       |  2249 |   272 ||  2521
 Fire: Blowgun           |       |    15 |    23 |    33 |     7 |    15 ||    93
Throw: Tomahawk          |       |     4 |    16 |    13 |     8 |     4 ||    45
       Throwing net      |       |       |       |    11 |     2 |       ||    13
 Cast: Magic Dart        |       |       |    27 |    19 |       |       ||    46
       Corona            |       |       |       |       |     2 |       ||     2
       Ensorcelled Hiber |       |       |       |       |    25 |     4 ||    29
       Dazzling Spray    |       |       |       |       |     5 |       ||     5
Invok: Recall Ancestor   |       |       |    19 |    34 |    24 |     8 ||    85
       Ancestor Life: Kn |       |       |     1 |       |       |       ||     1
       Idealise          |       |       |       |       |     3 |       ||     3
Knight: Broad Axe        |       |       |       |       |     1 |       ||     1
       Transference      |       |       |       |       |       |     2 ||     2
 Abil: Evoke Invisibilit |       |       |       |       |     6 |       ||     6
Evoke: Wand              |     1 |       |     1 |     8 |    11 |     1 ||    22
  Use: Scroll            |     8 |     2 |    17 |    14 |    21 |     4 ||    66
       Potion            |       |     4 |     6 |     4 |    12 |     4 ||    30
 Stab: Sleeping          |     7 |     7 |    30 |    58 |   138 |    10 ||   250
       Invisible         |       |     2 |       |       |    33 |     1 ||    36
       Distracted        |       |       |     2 |     5 |    15 |     4 ||    26
       Held in net/web   |       |       |       |     6 |       |       ||     6
  Eat: Fruit             |       |       |     7 |     6 |     4 |       ||    17
       Royal jelly       |       |       |     1 |     1 |     7 |     1 ||    10
       Bread ration      |       |       |       |     1 |       |     1 ||     2
       Pizza             |       |       |       |       |     2 |       ||     2
Armor: Robe              |    18 |     8 |    14 |    27 |    39 |     4 ||   110
Dodge: Dodged            |    62 |    96 |   679 |   730 |   801 |    90 ||  2458
Block: Other             |       |       |     5 |   170 |    84 |       ||   259
       Reflection        |       |       |       |     4 |     1 |    14 ||    19
       Buckler           |       |       |       |       |   439 |    81 ||   520
